 Dungeon Crawl Stone Soup version 0.18.1-48-g4cf74bf (webtiles) character file.

1326 spacecwb the Covered (level 8, 0/70 HPs)
             Began as a Minotaur Fighter on Aug 6, 2016.
             Was a Believer of Pakellas.
             Slain by an ogre
             ... wielding a +0 giant club
              (26 damage)
             ... on level 7 of the Dungeon.
             The game lasted 00:37:04 (4878 turns).

spacecwb the Covered (Minotaur Fighter)             Turns: 4878, Time: 00:37:04

Health: 0/70       AC:  9    Str: 23    XL:     8   Next: 34%
Magic:  7/7        EV: 10    Int:  5    God:    Pakellas [**....]
Gold:   309        SH: 10    Dex: 10    Spells: 0 memorised, 7 levels left

rFire  . . .     SeeInvis .     a - +0 war axe
rCold  . . .     Gourm    .     b - +2 scale mail
rNeg   . . .     Faith    .     c - +0 shield
rPois  .         Spirit   .     (helmet restricted)
rElec  .         Dismiss  .     (no cloak)
rCorr  .         Reflect  .     (no gloves)
SustAt .         Harm     .     (no boots)
MR     .....                    (no amulet)
Stlth  +.........               (no ring)
                                w - ring of stealth

@: very slightly contaminated, drained, not resistant to hostile enchantments,
very unstealthy
A: retaliatory headbutt, horns 2
a: Quick Charge, Renounce Religion


You were on level 7 of the Dungeon.
You worshipped Pakellas.
Pakellas was pleased with you.
You were not hungry.

You visited 2 branches of the dungeon, and saw 9 of its levels.

You collected 309 gold pieces.

Inventory:

Hand Weapons
 a - a +0 war axe (weapon)
 e - a +0 hunting sling
 g - a +0 war axe
 h - a -2 mace
 k - a +0 short sword
 l - a +0 shortbow
 r - a +0 dagger
 K - a +0 quarterstaff
Missiles
 i - 52 stones
 n - 6 poisoned needles
 o - 121 arrows
 u - 26 sling bullets
 E - 3 tomahawks (quivered)
 I - 33 bolts
Armour
 b - a +2 scale mail (worn)
 c - a +0 shield (worn)
 s - the +0 robe of Complete Protection {+Blink, unknown}
   (You found it on level 5 of the Dungeon)

   It lets you blink.
 v - a +0 ring mail
 x - a cursed +0 ring mail
 z - a +0 cloak
 C - a cursed +0 robe
 D - a +0 chain mail
 F - a +0 scale mail
 L - a +0 leather armour
Jewellery
 w - a ring of stealth (left hand)
Wands
 y - a wand of polymorph (11/24)
 G - a wand of slowing (14/48)
Scrolls
 j - 2 scrolls of identify
 A - a scroll of remove curse
 B - a scroll of random uselessness {unknown}
Potions
 d - a potion of brilliance
Miscellaneous
 m - a legendary deck of destruction {drawn: 2}
Comestibles
 f - 3 bread rations
 p - 3 meat rations
 t - a beef jerky
 H - 3 fruits


   Skills:
 + Level 5.9(5.4) Fighting
 + Level 4.3(4.1) Axes
 + Level 2.0(3.0) Maces & Flails
 + Level 0.2(0.0) Throwing
 + Level 7.1(6.7) Armour
 + Level 4.9(4.5) Dodging
 + Level 0.5(0.1) Stealth
 + Level 6.8(6.4) Shields
 + Level 0.6(0.3) Evocations


You had 7 spell levels left.
You didn't know any spells.

Dungeon Overview and Level Annotations

Branches:
Dungeon (8/15)             Temple (1/1) D:4
   Lair: D:8-11

Altars:
Ashenzari
Cheibriados
Dithmenos
Elyvilon
Fedhas
Gozag
Kikubaaqudgha
Nemelex Xobeh
Okawaru
Pakellas
Qazlal
Ru
Sif Muna
Trog
Vehumet
Zin
The Shining One

Annotations:
D:5 1 runed door


Innate Abilities, Weirdness & Mutations

You reflexively headbutt those who attack you in melee.
You have a pair of horns on your head.


Message History

Okay, then.
Found an escape hatch in the floor.
Throwing (i - inventory. (,) - cycle):
E - 5 tomahawks (quivered)
Press: ? - help, Shift-Dir - straight line, f/p - ogre
Aim: an ogre, wielding a giant club (moderately wounded)
You throw a tomahawk. The tomahawk hits the ogre.
The ogre is heavily wounded.
The ogre closely misses you.
Throwing (i - inventory. (,) - cycle):
E - 4 tomahawks (quivered)
Press: ? - help, Shift-Dir - straight line, f/p - ogre
Aim: an ogre, wielding a giant club (heavily wounded)
You throw a tomahawk.
The tomahawk hits the ogre but does no damage.
The ogre is heavily wounded.
You block the ogre's attack. You block the ogre's attack. The ogre misses you.
The ogre hits you with a giant club!!
You die...
Pakellas says: That's one more possible approach eliminated.

#### #.>#
+.@###
##.O.###
##....##
###...#
##..#
##(####
#...(.##
##.#...##
#####..#


You could see an ogre.

Vanquished Creatures
  A naga (D:5)
  An ice beast (D:7)
  2 sky beasts
  A phantom (D:6)
  2 centaurs
  2 ogres
  A water moccasin zombie (D:7)
  A howler monkey (D:5)
  A giant frog zombie (D:5)
  2 hounds
  A centaur skeleton (D:4)
  An orc priest (D:3)
  2 iguanas
  A hound skeleton (D:6)
  3 gnolls (D:6)
  8 adders
  A shadow imp (D:5)
  3 oozes
  An adder skeleton (D:4)
  An adder zombie (D:7)
  4 worms
  A dart slug (D:2)
  7 giant geckos
  6 orcs
  2 bats (D:3)
  5 giant cockroaches
  7 goblins
  7 hobgoblins
  6 jackals
  4 kobolds
  4 quokkas
  2 ball pythons (D:3)
  A giant gecko zombie (D:6)
  2 giant newts
  A quokka skeleton (D:7)
  4 rats
  A plant (D:7)
100 creatures vanquished.

Notes
Turn   | Place    | Note
--------------------------------------------------------------
     0 | D:1      | spacecwb the Minotaur Fighter began the quest for the Orb.
     0 | D:1      | Reached XP level 1. HP: 19/19 MP: 0/0
   235 | D:1      | Reached XP level 2. HP: 27/27 MP: 1/1
   393 | D:2      | Reached XP level 3. HP: 17/34 MP: 2/2
   868 | D:3      | Reached XP level 4. HP: 32/41 MP: 3/3
   994 | D:3      | Found a sparkling altar of Nemelex Xobeh.
   998 | D:3      | Found a deep blue altar of Sif Muna.
  1012 | D:3      | Became a worshipper of Nemelex Xobeh the Trickster
  1027 | D:3      | Received a gift from Nemelex Xobeh
  1059 | D:3      | Found a stormy altar of Qazlal.
  1162 | D:3      | Reached skill level 4 in Armour
  1224 | D:3      | Reached skill level 1 in Dodging
  1318 | D:3      | Reached XP level 5. HP: 44/47 MP: 4/4
  1374 | D:4      | Reached skill level 5 in Fighting
  1524 | D:4      | Found a staircase to the Ecumenical Temple.
  1535 | Temple   | Entered the Ecumenical Temple
  1590 | Temple   | Fell from the grace of Nemelex Xobeh
  1590 | Temple   | Became a worshipper of Pakellas the Inventive
  1590 | Temple   | Reached * piety under Pakellas
  1590 | Temple   | Received a gift from Pakellas
  1838 | D:4      | Reached skill level 1 in Maces & Flails
  1932 | D:4      | Reached skill level 5 in Shields
  2239 | D:5      | Entered Level 5 of the Dungeon
  2239 | D:5      | Found an ancient bone altar of Kikubaaqudgha.
  2397 | D:5      | Reached XP level 6. HP: 44/56 MP: 5/5
  2715 | D:5      | Got a shadowed robe
  2721 | D:5      | Reached skill level 5 in Armour
  2806 | D:5      | Reached XP level 7. HP: 33/61 MP: 6/6
  2971 | D:5      | Found a glowing golden altar of the Shining One.
  2971 | D:5      | Found a runed door.
  2971 | D:5      | Noticed an angel
  3140 | D:5      | Reached ** piety under Pakellas
  3140 | D:5      | Received a gift from Pakellas
  3151 | D:5      | Reached skill level 6 in Armour
  3405 | D:6      | Paralysed by fainting for 10 turns
  3475 | D:6      | Paralysed by fainting for 7 turns
  3592 | D:6      | Noticed a two-headed ogre
  4083 | D:7      | HP: 2/62 [ogre/giant club (15)]
  4087 | D:7      | Reached XP level 8. HP: 3/70 MP: 7/7
  4461 | D:7      | Reached skill level 7 in Armour
  4830 | D:7      | Found a white marble altar of Elyvilon.
  4878 | D:7      | Slain by an ogre

Skill      XL: |  1  2  3  4  5  6  7  8 |
---------------+-------------------------+-----
Fighting       | 4 5 |  5.9
Shields        | 4 5 6 |  6.8
Armour         | 4 5 6 7 |  7.1
Dodging        | 1 2 3 4 |  4.9
Maces & Flails | 1 2 |  2.0
Axes           | 3 4 |  4.3
Throwing       | |  0.2
Stealth        | |  0.5
Evocations     | |  0.6

Action                   |  1- 3 |  4- 6 |  7- 9 || total
-------------------------+-------+-------+-------++-------
Melee: War axe           |    74 |    25 |   109 ||   208
       Headbutt          |    14 |    26 |    31 ||    71
       Mace              |    24 |   120 |       ||   144
       Unarmed           |       |       |     4 ||     4
Throw: Throwing net      |       |     1 |       ||     1
       Tomahawk          |       |       |     2 ||     2
Evoke: Wand              |       |       |     7 ||     7
       Deck              |       |       |     2 ||     2
  Use: Scroll            |     5 |     4 |     2 ||    11
       Potion            |     1 |     6 |       ||     7
  Eat: Bread ration      |       |     2 |       ||     2
       Meat ration       |       |       |     1 ||     1
       Pizza             |       |       |     1 ||     1
       Fruit             |       |       |     1 ||     1
Armor: Scale mail        |    35 |    86 |    54 ||   175
Dodge: Dodged            |    27 |    79 |    51 ||   157
Block: Shield            |    60 |   130 |    84 ||   274
